 Dungeon Crawl Stone Soup version 0.30.0-16-gbe6223bb7e (webtiles) character file.

Game seed: 1861470972815514535

2079 browni3141 the Thaumaturge (level 9, -5/57 HPs)
             Began as a Mummy Summoner on May 20, 2023.
             Engulfed by a steam dragon's steam (7 damage)
             ... on level 7 of the Dungeon.
             The game lasted 00:19:59 (3892 turns).

browni3141 the Thaumaturge (Mummy Summoner)         Turns: 3892, Time: 00:20:00

Health: -5/57      AC:  3    Str: 11    XL:     9   Next: 6%
Magic:  13/24      EV: 27    Int: 18    God:
Gold:   323        SH:  0    Dex: 13    Spells: 22/31 levels left

rFire   x . .        O - +1 spear (flame)
rCold   + . .        (no shield)
rNeg    + + +        a - +0 robe
rPois   ∞            (no helmet)
rElec   .            (no cloak)
rCorr   .            b - +0 pair of gloves
SInv    .            (no boots)
Will    +....        K - amulet of the acrobat
Stlth   ++           (no ring)
HPRegen 0.29/turn    (no ring)
MPRegen 0.19/turn

%: acrobat, faith
@: acrobatic, very slightly contaminated
A: cold resistance 1, negative energy resistance 3, torment resistance 2, heat
vulnerability 1, in touch with death 1, no potions, faith
a: no special abilities


You were on level 7 of the Dungeon.
You visited 2 branches of the dungeon, and saw 8 of its levels.

You collected 323 gold pieces.

Inventory:

Hand Weapons
 c - a +0 short sword
 h - a +0 spear
 N - a +0 whip
 O - a +1 spear of flaming (weapon)
Missiles
 J - 8 poisoned darts
Armour
 a - a +0 robe (worn)
 b - a +0 pair of gloves (worn)
 d - a +0 pair of gloves
Jewellery
 K - an amulet of the acrobat (around neck)
Wands
 p - a wand of polymorph (9)
 R - a wand of charming (11)
Scrolls
 e - 5 scrolls of identify {unknown}
 f - 4 scrolls of fear {unknown}
 g - a scroll of poison {unknown}
 q - a scroll of immolation {unknown}
 r - a scroll of silence {unknown}
 s - a scroll of vulnerability {unknown}
 t - 2 scrolls of noise {unknown}
 L - a scroll of blinking {unknown}
 M - a scroll of summoning {unknown}
 P - a scroll of brand weapon {unknown}
 Q - 2 scrolls of teleportation {unknown}


   Skills:
 - Level 1.5 Dodging
 - Level 1.5 Stealth
 + Level 11.7 Spellcasting
 + Level 6.7 Summonings


You had 22 spell levels left.
You knew the following spells:

 Your Spells              Type           Power      Damage    Failure   Level
a - Call Canine Familiar  Summ           34%        N/A       1%          3
g - Summon Guardian Gole  Hex/Summ       22%        N/A       4%          3
x - Call Imp              Summ           68%        N/A       1%          2
z - Summon Small Mammal   Summ           100%       N/A       1%          1

Your spell library contained the following spells:

 Spells                   Type           Power      Damage    Failure   Level
 Freeze                   Ice            40%        1d6       7%          1
 Magic Dart               Conj           40%        1d5       7%          1
 Searing Ray              Conj           20%        2d5       10%         2
 Static Discharge         Conj/Air       20%        2-3/arc   10%         2
 Summon Lightning Spire   Summ/Air       22%        N/A       17%         4
 Dazzling Flash           Conj/Hex       20%        N/A       21%         3
 Frozen Ramparts          Ice            20%        1d4       21%         3
 Hailstorm                Conj/Ice       10%        3d5       21%         3
 Portal Projectile        Hex/Tloc       20%        N/A       21%         3
 Tukima's Dance           Hex            10%        N/A       21%         3
 Volatile Blastmotes      Fire/Tloc      20%        2d11      21%         3
 Airstrike                Air            5%         2d(1-17)  54%         4
 Fulminant Prism          Conj/Hex       5%         3d6       54%         4
 Iskenderun's Mystic Bla  Conj/Tloc      10%        2d4       54%         4
 Starburst                Conj/Fire      5%         6d4       100%        6
 Blade Hands              Tmut           Unusable   N/A       N/A         5

Dungeon Overview and Level Annotations

Branches:
Dungeon (7/15)             Temple (1/1) D:5

Altars:
Ashenzari
Dithmenos
Makhleb
Nemelex Xobeh
Sif Muna
Uskayaw
Wu Jian
Yredelemnul

Shops:
D:4 (

Annotations:
D:3 Natasha


Innate Abilities, Weirdness & Mutations

You are immune to poison.
Your flesh is cold resistant. (rC+)
You are immune to negative energy. (rN+++)
You are immune to unholy pain and torment.
You are vulnerable to heat. (rF-)
You are in touch with the powers of death.
You do not drink.
You have a special connection with the divine. (Faith)


Message History

The sleepcap is engulfed in blazing flames.
You swap places.
The sleepcap releases spores at your guardian golem but does no damage.
The sleepcap releases spores at your guardian golem.
The sleepcap releases spores at your guardian golem.
Reach: O) +1 spear (flame)
Press: ? - help, Dir - move target, f/p - sleepcap
Aim: a sleepcap (heavily damaged, ally target, about 2% to evade your +1 spear of flaming)
You reach to attack!
You hit the sleepcap. You burn the sleepcap.
The sleepcap is heavily damaged.
The sleepcap releases spores at your guardian golem but does no damage.
Reach: O) +1 spear (flame)
Press: ? - help, Dir - move target, f/p - sleepcap
Aim: a sleepcap (heavily damaged, ally target, about 2% to evade your +1 spear of flaming)
You could not reach far enough!
The sleepcap releases spores at your guardian golem.
Reach: O) +1 spear (flame)
Press: ? - help, Dir - move target, f/p - sleepcap
Aim: a sleepcap (heavily damaged, ally target, about 2% to evade your +1 spear of flaming)
You reach to attack!
You hit the sleepcap but do no damage.
The sleepcap is heavily damaged.
The sleepcap releases spores at your guardian golem but does no damage.
Reach: O) +1 spear (flame)
Press: ? - help, Dir - move target, f/p - sleepcap
Aim: a sleepcap (heavily damaged, ally target, about 2% to evade your +1 spear of flaming)
You could not reach far enough!
The sleepcap releases spores at your guardian golem but does no damage.
Reach: O) +1 spear (flame)
Press: ? - help, Dir - move target, f/p - sleepcap
Aim: a sleepcap (heavily damaged, ally target, about 2% to evade your +1 spear of flaming)
You reach to attack!
You puncture the sleepcap! You burn the sleepcap.
The sleepcap is almost destroyed.
The sleepcap releases spores at your guardian golem but does no damage.
Reach: O) +1 spear (flame)
Press: ? - help, Dir - move target, f/p - sleepcap
Aim: a sleepcap (almost destroyed, ally target, about 2% to evade your +1 spear of flaming)
You could not reach far enough!
The sleepcap releases spores at your guardian golem but does no damage.
Reach: O) +1 spear (flame)
Press: ? - help, Dir - move target, f/p - sleepcap
Aim: a sleepcap (almost destroyed, ally target, about 2% to evade your +1 spear of flaming)
You reach to attack!
You hit the sleepcap. You burn the sleepcap.
You destroy the sleepcap!
Reach: O) +1 spear (flame)
Press: ? - help, Dir - move target, f - you That would be overly suicidal.
Okay, then.
You swap places.
You see here a +1 antimagic shortbow.
A steam dragon comes into view.
You swap places.
You see here a +1 antimagic shortbow.
What are your orders? t - Shout!
Orders for allies: a - Attack new target. r - Retreat! s - Stop attacking. g - Guard the area. f - Follow me.
Anything else - Cancel.
Retreat in which direction?
Press: ? - help, Dir - move target, f - you
Okay, then.
The steam dragon breathes steam at you.
The ball of steam hits your guardian golem!
Your guardian golem resists.
The ball of steam misses you.
Casting: Summon Guardian Golem (dangerous; 4% risk of failure)
Confirm with . or Enter, or press ? or * to list all spells.
The steam dragon bites your guardian golem!
The steam dragon claws your guardian golem.
Your guardian golem overheats!
The steam dragon bites your guardian golem but does no damage.
The steam dragon claws your guardian golem but does no damage.
The steam dragon bites your guardian golem.
Flame seeps out of your guardian golem.
The steam dragon claws your guardian golem but does no damage.
Your guardian golem is engulfed in blazing flames.
Flame seeps out of your guardian golem. The steam dragon breathes steam at you.
The ball of steam hits your guardian golem.
Your guardian golem completely resists.
The ball of steam hits your hound! The ball of steam misses you.
You hear an explosion!
You hear an angry hiss.
You are engulfed in a cloud of scalding steam.
Casting: Call Canine Familiar (safe; 1% risk of failure)
Confirm with . or Enter, or press ? or * to list all spells.
You miscast Summon Guardian Golem.
You are very lightly contaminated with residual magic.
Nothing appears to happen.
Casting: Summon Guardian Golem (dangerous; 4% risk of failure)
Confirm with . or Enter, or press ? or * to list all spells.
A guardian golem appears, shielding your allies.
The steam dragon breathes steam at you. The ball of steam hits you!!!
The steam scalds you terribly!
Ouch! That really hurt!
* * * LOW HITPOINT WARNING * * *
The ball of steam hits your guardian golem.
Your guardian golem resists.
You swap places.
You are engulfed in a cloud of scalding steam.
You die...

# .#. ##.# #.# #####
..##.##..#.# #.# #.....#
#.# #.# #D# #.# #.#
####.#####.# #.#
.......†...# #.#
##.######### #.#
#D####################.#
#.).........D§9@§§.....#
########################


You could see a friendly guardian golem (summoned).

Vanquished Creatures
  A bullfrog (D:7)
  A scorpion (D:7)
  3 hounds
  A sleepcap (D:7)
  An orc wizard (D:7)
  A howler monkey zombie (D:6)
  An adder (D:4)
  A dart slug (D:1)
  7 orcs
  3 ball pythons
  5 endoplasms
  8 giant cockroaches
  8 goblins
  A jackal (D:4)
  2 quokkas
  2 frilled lizards (D:1)
  4 kobolds (D:1)
  2 rats
52 creatures vanquished.

Vanquished Creatures (collateral kills)
  Sigmund (D:6)
  A sky beast (D:7)
  An ogre (D:6)
  2 bullfrogs (D:6)
  A scorpion (D:5)
  A centaur zombie (D:6)
  2 hounds (D:4)
  4 orc priests
  2 iguanas
  A sleepcap (D:6)
  An orc wizard (D:6)
  7 adders
  2 gnolls (D:5)
  2 white imps (D:5)
  A dart slug (D:1)
  9 orcs
  5 ball pythons (D:1)
  4 bats
  4 endoplasms
  2 giant cockroaches (D:1)
  2 goblins
  2 hobgoblins
  2 jackals (D:4)
  A frilled lizard (D:1)
  A rat (D:2)
61 creatures vanquished.

Vanquished Creatures (others)
  Edmund (D:4)
  A water moccasin (D:5)
  An ice beast (D:7)
  An orc warrior (D:7)
  A black bear (D:6)
  A centaur (D:7)
  2 scorpions (D:5)
  A gnoll bouda (D:5)
  2 orc wizards (D:5)
  2 gnolls (D:5)
  An orc (D:7)
  An endoplasm (D:4)
15 creatures vanquished.

Grand Total: 128 creatures vanquished

Notes
Turn   | Place    | Note
-------+----------+-------------------------------------------
     0 | D:1      | browni3141 the Mummy Summoner began the quest for the Orb.
     0 | D:1      | Reached XP level 1. HP: 13/13 MP: 4/4
   105 | D:1      | Reached skill level 3 in Spellcasting
   174 | D:1      | Reached XP level 2. HP: 11/19 MP: 2/6
   296 | D:1      | Learned a level 2 spell: Call Imp
   305 | D:1      | Reached skill level 4 in Spellcasting
   345 | D:1      | Gained mutation: You are in touch with the powers of death.
                  | [Mummy growth]
   345 | D:1      | Reached XP level 3. HP: 11/24 MP: 0/8
   368 | D:1      | Learned a level 3 spell: Call Canine Familiar
  1017 | D:3      | Reached skill level 5 in Spellcasting
  1017 | D:3      | Reached XP level 4. HP: 28/30 MP: 6/11
  1019 | D:3      | Noticed Natasha
  1155 | D:3      | Reached XP level 5. HP: 31/35 MP: 10/13
  1236 | D:4      | Reached skill level 6 in Spellcasting
  1492 | D:4      | Reached XP level 6. HP: 11/41 MP: 15/15
  1494 | D:4      | Found Yseanu Agrist's Antique Weapon Shoppe.
  1507 | D:4      | Noticed Edmund
  1516 | D:4      | Learned a level 3 spell: Summon Guardian Golem
  1562 | D:4      | Killed Edmund
  1706 | D:4      | Reached skill level 7 in Spellcasting
  2017 | D:5      | Entered Level 5 of the Dungeon
  2228 | D:5      | Found a hide-covered altar of Uskayaw.
  2342 | D:5      | Reached XP level 7. HP: 40/46 MP: 7/18
  2424 | D:5      | Reached skill level 8 in Spellcasting
  2575 | D:5      | Found a staircase to the Ecumenical Temple.
  2584 | Temple   | Entered the Ecumenical Temple
  2793 | D:5      | Reached skill level 9 in Spellcasting
  2877 | D:5      | Found the +11 Singing Sword {sonic wave}
  3016 | D:6      | Reached skill level 10 in Spellcasting
  3016 | D:6      | Reached XP level 8. HP: 34/52 MP: 6/22
  3211 | D:6      | Found a basalt altar of Yredelemnul.
  3289 | D:6      | Noticed Sigmund
  3312 | D:6      | Killed Sigmund
  3447 | D:6      | Reached skill level 11 in Spellcasting
  3447 | D:6      | Reached skill level 6 in Summonings
  3828 | D:7      | Reached XP level 9. HP: 21/57 MP: 16/24
  3891 | D:7      | HP: 2/57 [steam dragon/ball of steam (37)]
  3892 | D:7      | Engulfed by a steam dragon's steam

Illustrated notes

Levels and vault maps discovered:
D:1:      onia_arrival_mini_maze, layout_basic, minmay_cupped
D:2:      layout_loops_ring
D:3:      layout_basic, mainiacjoe_overflow_alcove_1, uniq_ijyb, uniq_natasha
D:4:      layout_loops_corners, serial_shops, shop,
          minmay_misc_feat_four_crosses, uniq_edmund
D:5:      old_forge, layout_basic, lemuel_coloured_pillars_altar, temple_hall
D:6:      layout_rooms, lemuel_zombie_altar_yredelemnul, uniq_sigmund
D:7:      layout_basic, minmay_the_grid_2x2 [minmay_the_grid_aliased_spiral,
          minmay_the_grid_odd_star, minmay_the_grid_minigrid_small_alt,
          minmay_the_grid_prize_inner_circle]
Temple:   nicolae_temple_superstar

Skill      XL: |  1  2  3  4  5  6  7  8 |
---------------+-------------------------+-----
Spellcasting   | 3 4 5 6 7 10 11 | 11.7
Summonings     | 4 5 6 |  6.7
Dodging        | |  1.5
Stealth        | |  1.5

Action                     |  1- 3 |  4- 6 |  7- 9 || total
---------------------------+-------+-------+-------++-------
  Melee: Unarmed           |    15 |       |       ||    15
         Short sword       |    78 |       |       ||    78
         Spear             |    16 |   124 |   112 ||   252
         Punch             |     2 |     1 |     2 ||     5
   Cast: Summon Small Mamm |    11 |       |       ||    11
         Call Imp          |    12 |    12 |    14 ||    38
         Call Canine Famil |     1 |     7 |    19 ||    27
         Summon Guardian G |       |     5 |    17 ||    22
   Stab: Distracted        |     3 |     2 |     2 ||     7
         Sleeping          |       |     2 |     1 ||     3
 Armour: Robe              |    33 |    31 |    24 ||    88
  Dodge: Dodged            |    93 |    91 |   115 ||   299
